 Dungeon Sprint DCSS version 0.28-a0-883-gc8d7bad45d (webtiles) character file.

Game seed: 126171475815186669

107 mhtbhm the Skirmisher (level 4, 0/47 HPs)
             Began as a Minotaur Fighter on Nov 21, 2021.
             Slain by Sigmund (6 damage)
             ... in the Dungeon (Sprint I: "Red Sonja").
             The game lasted 00:00:14 (177 turns).

mhtbhm the Skirmisher (Minotaur Fighter)             Turns: 177, Time: 00:00:15

Health: 0/47       AC:  7    Str: 22    XL:     4   Next: 57%
Magic:  3/3        EV:  9    Int:  5    God:
Gold:   54         SH:  0    Dex:  9    Spells: 3/3 levels left

rFire   . . .      SeeInvis .   a - +0 flail
rCold   . . .      Faith    .   c - +0 buckler
rNeg    . . .      Spirit   .   b - +0 scale mail
rPois   .          Reflect  .   (helmet restricted)
rElec   .          Harm     .   (no cloak)
rCorr   .          Rampage  .   (no gloves)
Will    .....      NoTele   +   (no boots)
Stlth   ..........              (no amulet)
HPRegen 0.15/turn               (no ring)
MPRegen 0.08/turn               (no ring)

@: confused
A: horns 2, retaliatory headbutt
a: no special abilities


You were in the Dungeon.
You visited 1 branch You collected 54 gold pieces.

Inventory:

Hand Weapons
 a - a +0 flail (weapon)
Armour
 b - a +0 scale mail (worn)
 c - a +0 buckler (worn)
Scrolls
 j - a scroll of blinking
Potions
 d - a potion of might
 e - a potion of curing
 g - a potion of haste
 h - 2 potions of magic


   Skills:
 + Level 7.1 Fighting
 + Level 4.0 Maces & Flails
 + Level 7.1 Armour
 + Level 6.8 Shields


You had 3 spell levels left.
You didn't know any spells.
Your spell library was empty.

Dungeon Overview and Level Annotations

Branches:
Dungeon (1/1)

Altars:

Annotations:
D Sigmund


Innate Abilities, Weirdness & Mutations

You have a pair of horns on your head.
You reflexively headbutt those who attack you in melee.


Message History

You start resting.
HP restored.
You open the door.
Found 54 gold pieces.
There is an open door here.
You now have 27 gold pieces.
You now have 54 gold pieces (gained 27).
There is an open door here.
As you open the door, it creaks loudly!
Sigmund the Dreaded comes into view.
He is wielding a +1 scythe of distortion.
Sigmund shouts!
Sigmund mumbles some strange words.
Sigmund flickers and vanishes!
Deactivating autopickup; reactivate with Ctrl-A.
Something hits you! Space warps around you.
There is an open door here.
No target in view!
You closely miss something. Your headbutt misses something. Something hits you!
You hit something. You headbutt something. Something hits you!
You miss something. Your headbutt misses something.
You hear some strange, mumbled words.
Something tries to affect you, but you resist.
You miss something. You headbutt something.
You hear some strange, mumbled words.
A magic dart appears from out of thin air!
The magic dart hits you.
You miss something. Something hits you but does no damage.
Space warps around you.
You closely miss something. You headbutt something!
You block something's attack.
You barely miss something.
You hear some strange, mumbled words.
You are confused.
You bump into the rock wall.
Something hits you!
* * * LOW HITPOINT WARNING * * *
Something hits you but does no damage.
You bump into the rock wall.
Something hits you.
* * * LOW HITPOINT WARNING * * *
Space warps around you.
You die...

#############
#<.#..').#.{+
#..').#..'@.#
#..#####'####
#..# #..#
#..# ####
#..# #⌠⌠#
####


There were no monsters in sight!

Vanquished Creatures
  An ogre (D)
  Ijyb (D)
2 creatures vanquished.

Notes
Turn   | Place    | Note
-------+----------+-------------------------------------------
     0 | D        | mhtbhm the Minotaur Fighter began the quest for the Orb.
     0 | D        | Reached XP level 1. HP: 19/19 MP: 0/0
     1 | D        | Noticed Ijyb
     9 | D        | Killed Ijyb
    10 | D        | Reached skill level 5 in Fighting
    10 | D        | Reached skill level 5 in Armour
    10 | D        | Reached skill level 5 in Shields
    10 | D        | Reached XP level 2. HP: 25/29 MP: 1/1
    53 | D        | Noticed an ogre
    56 | D        | Killed an ogre
    57 | D        | Reached XP level 3. HP: 37/39 MP: 2/2
    57 | D        | Reached XP level 4. HP: 45/47 MP: 3/3
   164 | D        | Noticed Sigmund
   177 | D        | Slain by Sigmund

Illustrated notes

Levels and vault maps discovered:
D:        dungeon_sprint_1 [red_sonja_temple_1, red_sonja_temple_small_1]

Skill      XL: |  1  2 |
---------------+-------+-----
Fighting       | 5 7 |  7.1
Maces & Flails | 3 4 |  4.0
Armour         | 5 7 |  7.1
Shields        | 5 6 |  6.8

Action                   |  1- 3 |  4- 6 || total
-------------------------+-------+-------++-------
Melee: Flail             |     8 |     7 ||    15
       Headbutt          |     2 |     3 ||     5
  Use: Potion            |     2 |       ||     2
Armor: Scale mail        |     1 |     2 ||     3
Dodge: Dodged            |     1 |       ||     1
Block: Buckler           |     2 |     1 ||     3

Table legend: (Time is in decaauts)
 A = Elapsed time spent in this place.
 B = Non-inter-level travel time spent in this place.
 C = Inter-level travel time spent in this place.
 D = Time resting spent in this place.
 E = Time spent auto-exploring this place.
 F = Levels seen in this place.
 G = Mean time per level.
                   A        B        C        D        E       F      G
               +--------+--------+--------+--------+--------+-----+--------+
         Total |    192 |    192 |      0 |    147 |      1 |   1 |  192.0 |
       Dungeon |    192 |    192 |      0 |    147 |      1 |   1 |  192.0 |
               +--------+--------+--------+--------+--------+-----+--------+

Top non-repeatable levels by time:
       D: 192 daAuts
